 Dungeon Crawl Stone Soup version 0.28.0-43-g3370ac3207 (webtiles) character file.

Game seed: 16492241705199682129

23 NinjaNoafa the Sneak (level 3, 0/22 HPs)
             Began as a Kobold Brigand on Apr 1, 2022.
             Frozen to death by an endoplasm (5 damage)
             ... on level 1 of the Dungeon.
             The game lasted 00:02:35 (1111 turns).

NinjaNoafa the Sneak (Kobold Brigand)               Turns: 1111, Time: 00:02:35

Health: 0/22       AC: 10    Str:  8    XL:     3   Next: 10%
Magic:  4/4        EV: 14    Int: 12    God:
Gold:   37         SH:  0    Dex: 18    Spells: 4/4 levels left

rFire   . . .      SeeInvis .   b - +1 dagger (protect)
rCold   . . .      Faith    .   (no shield)
rNeg    . . .      Spirit   .   i - +0 robe
rPois   .          Reflect  .   (no helmet)
rElec   .          Harm     .   c - +0 cloak
rCorr   .          Rampage  .   (no gloves)
Will    .....                   (no boots)
Stlth   ++++......              (no amulet)
HPRegen 0.07/turn               (no ring)
MPRegen 0.09/turn               (no ring)

@: brilliant, under a protective aura
A: small, no large weapons, nightstalker 3
a: no special abilities


You were on level 1 of the Dungeon.
You visited 1 branch of the dungeon, and saw 1 of its levels.

You collected 37 gold pieces.

Inventory:

Hand Weapons
 a - a +2 dagger
 b - a +1 dagger of protection (weapon)
 h - a +0 short sword of venom
 k - a +1 hand axe of electrocution
Missiles
 d - 15 poisoned darts (quivered)
 e - 2 curare-tipped darts
 f - 24 sling bullets
 g - 24 stones
Armour
 c - a +0 cloak (worn)
 i - a +0 robe (worn)


   Skills:
 + Level 2.3 Fighting
 + Level 3.0 Short Blades
 + Level 2.3 Throwing
 + Level 1.6 Dodging
 * Level 5.6 Stealth
 * Level 1.0 Spellcasting


You had 4 spell levels left.
You didn't know any spells.
Your spell library was empty.

Dungeon Overview and Level Annotations

Branches:
Dungeon (1/15)

Altars:


Innate Abilities, Weirdness & Mutations

You are small and have problems with some larger weapons.
You are completely attuned to the shadows.


Message History

The jackal closely misses you. x2; The kobold closely misses you.
You hit the jackal.
You kill the jackal!
The jackal misses you. The kobold hits you but does no damage.
The endoplasm freezes you.
You are frozen.
The jackal bites you but does no damage.
You hit the kobold but do no damage. The jackal barely misses you.
The endoplasm freezes you.
You are frozen.
The kobold misses you.
Sorry, you're not good enough to have a special ability.
You hit the kobold but do no damage. The jackal barely misses you.
The endoplasm hits you but does no damage.
The kobold barely misses you. The jackal barely misses you.
You closely miss the kobold. The kobold barely misses you.
The endoplasm closely misses you. The jackal barely misses you.
You hit the kobold.
The kobold is moderately wounded.
The kobold barely misses you. The endoplasm misses you. The jackal misses you.
You hit the kobold.
The kobold is heavily wounded.
The jackal closely misses you. The endoplasm freezes you.
You are frozen.
The kobold hits you but does no damage.
You hit the kobold.
The kobold is severely wounded.
The jackal closely misses you.
You hit the kobold.
You kill the kobold!
The jackal bites you. The endoplasm freezes you.
You are frozen.
* * * LOW HITPOINT WARNING * * *
You hit the endoplasm.
The endoplasm is moderately wounded.
The jackal bites you but does no damage.
The endoplasm freezes you.
You are frozen.
You die...

......+..#.# *,* ***...⌠....
......#....# *,* *,+......⌠.
####.##.####**,* **,*#.......
##..........,,,*******,,*####.(..
.#.#.##.####**#......,,,,,,*#####
.#.#....# ##......,,,,,,* ###
.#.######## #.......,,,,,,* #..
.#........####..J....,,,,,,* #..
#####..##......h@)...,,>,,,* #..
#...#..#####.####******* #..
#####+#.#..>.....# #..
...............#########*** #..
........................,,* #..
..).....................,,* #..
........................,,* #..
........................,,* #..
...............##'###############


You could see an endoplasm and a jackal.

Vanquished Creatures
  A dart slug (D:1)
  2 endoplasms (D:1)
  3 goblins (D:1)
  3 hobgoblins (D:1)
  A jackal (D:1)
  2 ball pythons (D:1)
  2 frilled lizards (D:1)
  3 kobolds (D:1)
  2 rats (D:1)
19 creatures vanquished.

Notes
Turn   | Place    | Note
-------+----------+-------------------------------------------
     0 | D:1      | NinjaNoafa the Kobold Brigand began the quest for the Orb.
     0 | D:1      | Reached XP level 1. HP: 12/12 MP: 1/1
   141 | D:1      | Reached XP level 2. HP: 14/17 MP: 2/2
   908 | D:1      | Reached skill level 1 in Spellcasting
   908 | D:1      | Reached XP level 3. HP: 17/22 MP: 4/4
  1111 | D:1      | Frozen to death by an endoplasm

Illustrated notes

Levels and vault maps discovered:
D:1:      dpeg_arrival_stone_temple_mockup, layout_basic, minmay_crystal_water

Skill      XL: |  1  2 |
---------------+-------+-----
Short Blades   | 3 |  3.0
Spellcasting   | 1 |  1.0
Fighting       | |  2.3
Throwing       | |  2.3
Dodging        | |  1.6
Stealth        | |  5.6

Action                   || total
-------------------------++-------
Melee: Dagger            ||    69
       Punch             ||     1
Throw: Dart              ||     2
  Use: Potion            ||     2
       Scroll            ||     1
 Stab: Sleeping          ||     5
Armor: Robe              ||    11
Dodge: Dodged            ||    55
